 Dungeon Crawl Stone Soup version 0.31-a0-542-gdc2a67831c (webtiles) character file.

Game seed: 4334219784593490098

18 Mickster the Caller (level 2, 0/15 HPs)
             Began as a Deep Elf Summoner on Aug 14, 2023.
             Slain by a quokka (4 damage)
             ... on level 1 of the Dungeon.
             The game lasted 00:12:04 (476 turns).

Mickster the Caller (Deep Elf Summoner)              Turns: 476, Time: 00:12:05

Health: 0/15       AC:  2    Str:  5    XL:     2   Next: 51%
Magic:  7/8        EV: 13    Int: 19    God:
Gold:   20         SH:  0    Dex: 15    Spells: 6/7 levels left

rFire   . . .        f - +0 short sword
rCold   . . .        (no shield)
rNeg    . . .        a - +0 robe
rPois   .            (no helmet)
rElec   .            (no cloak)
rCorr   .            (no gloves)
SInv    .            (no boots)
Will    .....        (no amulet)
Stlth   ++           e - ring of flight
HPRegen 0.22/turn    (no ring)
MPRegen 0.11/turn

%: no passive effects
@: flying
A: no striking features
a: no special abilities


You were on level 1 of the Dungeon.
You visited 1 branch of the dungeon, and saw 1 of its levels.

You collected 20 gold pieces.

Inventory:

Hand Weapons
 c - a +0 dagger
 f - a +0 short sword (weapon)
Missiles
 d - a stone
Armour
 a - a +0 robe (worn)
Jewellery
 e - a ring of flight (left hand)
Potions
 b - a potion of magic


   Skills:
 + Level 0.2 Short Blades
 + Level 2.8 Dodging
 + Level 2.4 Stealth
 + Level 3.0 Spellcasting
 + Level 4.9 Summonings


You had 6 spell levels left.
You knew the following spells:

 Your Spells              Type           Power      Damage    Failure   Level
a - Summon Small Mammal   Summ           84%        N/A       1%          1

Your spell library contained the following spells:

 Spells                   Type           Power      Damage    Failure   Level
 Call Imp                 Summ           42%        N/A       3%          2
 Call Canine Familiar     Summ           21%        N/A       6%          3
 Summon Guardian Golem    Hex/Summ       12%        N/A       16%         3
 Summon Lightning Spire   Summ/Air       12%        N/A       47%         4


Dungeon Overview and Level Annotations

Branches:
Dungeon (1/15)

Altars:


Message History

The quokka closely misses your quokka.
Your quokka bites the quokka but does no damage.
The quokka bites your quokka.
Your quokka misses the quokka. The quokka bites your quokka.
The endoplasm quivers.
Your quokka barely misses the quokka.
The quokka misses your quokka. The endoplasm freezes you.
You are frozen.
You hit the endoplasm.
The endoplasm is heavily wounded.
Your quokka bites the quokka but does no damage.
The quokka closely misses your quokka. The endoplasm freezes you.
You are frozen.
Your quokka misses the quokka. You hit the endoplasm.
The endoplasm is severely wounded.
The quokka bites your quokka.
Your quokka dies!
Your quokka's corpse disappears in a puff of smoke!
The endoplasm hits you.
Casting: Summon Small Mammal (safe; 1% risk of failure)
Confirm with . or Enter, or press ? or * to list all spells.
The endoplasm freezes you.
You are frozen.
* * * LOW HITPOINT WARNING * * *
You hit the endoplasm.
You kill the endoplasm!
Your bat misses the quokka. The quokka misses you.
A kobold comes into view. It is wielding a +0 club.
Your bat closely misses the quokka.
The quokka bites you but does no damage.
The quokka misses you.
A goblin comes into view. It is wielding a +0 club.
Your bat misses the quokka. The quokka closely misses you.
You see here 7 stones.
You barely miss the quokka.
The quokka is severely wounded.
The goblin shouts!
The kobold shouts!
You hear a shout!
The quokka bites you.
You die...

#### #..........#,,,**,* *,
#..........#,,,**,* *,
#..........#,#***,** *,
#######.....###.g#.##.,,,*****,
#...........+,,,.#....,,,,,,,,,
#...........####.....K,,,******
#.....................,,,*
#............rb.......****
#.......†.##..@.......*
#.........##..........*
#.......##...###......*
##########.....#......*
#.....#######* ****#.....#
***,,,......# *,,,,.....g.#
*,,,,,,******


You could see a quokka (ally target), a goblin, a kobold and a friendly bat
(summoned).

Vanquished Creatures
  A dart slug (D:1)
  2 endoplasms (D:1)
  A giant cockroach (D:1)
  2 rats (D:1)
6 creatures vanquished.

Vanquished Creatures (collateral kills)
  2 hobgoblins (D:1)
  A ball python (D:1)
  2 bats (D:1)
  A frilled lizard (D:1)
  3 kobolds (D:1)
  2 rats (D:1)
11 creatures vanquished.

Grand Total: 17 creatures vanquished

Notes
Turn   | Place    | Note
-------+----------+-------------------------------------------
     0 | D:1      | Mickster the Deep Elf Summoner began the quest for the Orb.
     0 | D:1      | Reached XP level 1. HP: 10/10 MP: 6/6
   277 | D:1      | Reached XP level 2. HP: 15/15 MP: 8/8
   476 | D:1      | Slain by a quokka

Illustrated notes

Levels and vault maps discovered:
D:1:      nicolae_arrival_memento_mori, layout_basic,
          corexii_item_surrounded_by_moat, hangedman_decor_clover_reticule,
          due_unseen_surprise

Action                     || total
---------------------------++-------
  Melee: Dagger            ||    11
         Unarmed           ||     2
         Short sword       ||     4
   Cast: Summon Small Mamm ||    13
    Use: Scroll            ||     3
 Armour: Robe              ||     8
  Dodge: Dodged            ||    20

Table legend: (Time is in decaauts)
 A = Elapsed time spent in this place.
 B = Non-inter-level travel time spent in this place.
 C = Inter-level travel time spent in this place.
 D = Time resting spent in this place.
 E = Time spent auto-exploring this place.
 F = Levels seen in this place.
 G = Mean time per level.
                   A        B        C        D        E       F      G
               +--------+--------+--------+--------+--------+-----+--------+
         Total |    474 |    369 |    105 |    100 |      0 |   1 |  474.0 |
       Dungeon |    474 |    369 |    105 |    100 |      0 |   1 |  474.0 |
               +--------+--------+--------+--------+--------+-----+--------+

Top non-repeatable levels by time:
     D:1: 474 daAuts
